 Dungeon Crawl Stone Soup version 0.29.1-1-gd02db6906a (webtiles) character file.

Game seed: 7674872804288903209

1270 EvilAshe the Slasher (level 8, 0/64 HPs)
             Began as a Human Fighter on Sept 27, 2022.
             Was an Initiate of the Shining One.
             Engulfed by a steam dragon's steam (10 damage)
             ... on level 6 of the Dungeon.
             The game lasted 00:11:34 (6137 turns).

EvilAshe the Slasher (Human Fighter)                Turns: 6137, Time: 00:11:35

Health: 0/64       AC: 12    Str: 18    XL:     8   Next: 83%
Magic:  8/8        EV:  7    Int:  9    God:    the Shining One [......]
Gold:   179        SH:  4    Dex: 13    Spells: 7/7 levels left

rFire   . . .      SeeInvis .   a - +0 long sword
rCold   . . .      Faith    .   c - +0 buckler
rNeg    . . .      Spirit   .   w - +0 chain mail
rPois   +          Reflect  .   x - +0 helmet
rElec   .          Harm     .   m - +0 cloak
rCorr   .          Rampage  .   (no gloves)
Will    .....                   (no boots)
Stlth   ..........              b - amulet of magic regeneration
HPRegen 0.20/turn               r - ring of poison resistance
MPRegen 0.51/turn               (no ring)

@: mighty, glowing
A: no striking features
a: Renounce Religion


You were on level 6 of the Dungeon.
You worshipped the Shining One.
The Shining One was noncommittal.
You visited 2 branches of the dungeon, and saw 7 of its levels.

You collected 179 gold pieces.

Inventory:

Hand Weapons
 a - a +0 long sword (weapon)
Missiles
 e - 43 stones (quivered)
 v - 3 poisoned darts
 A - a throwing net
Armour
 c - a +0 buckler (worn)
 m - a +0 cloak (worn)
 w - a +0 chain mail (worn)
 x - a +0 helmet (worn)
Jewellery
 b - an amulet of magic regeneration (around neck)
 r - a ring of poison resistance (left hand)
 B - a ring of fire
Wands
 z - a wand of charming (8)
Scrolls
 d - a scroll of fear {unknown}
 i - a scroll of acquirement {unknown}
 k - a scroll of silence {unknown}
 l - 2 scrolls of identify {unknown}
 p - 5 scrolls of poison {unknown}
 u - a scroll of amnesia {unknown}
 y - a scroll of enchant armour {unknown}
 C - a scroll of teleportation
 D - a scroll of blinking {unknown}
 E - a scroll of butterflies {unknown}
Potions
 f - 2 potions of curing {unknown}
 g - a potion of berserk rage {unknown}
 h - a potion of mutation {unknown}
 j - 3 potions of brilliance {unknown}
 n - 2 potions of attraction {unknown}
 o - a potion of ambrosia {unknown}
 q - a potion of resistance {unknown}
 s - a potion of lignification {unknown}
 t - a potion of magic {unknown}


   Skills:
 + Level 5.7 Fighting
 * Level 7.4 Long Blades
 + Level 5.8 Armour
 - Level 3.0 Shields


You had 7 spell levels left.
You didn't know any spells.
Your spell library contained the following spells:

 Spells                   Type           Power      Damage    Failure   Level
 Gell's Gravitas          Tloc           0%         N/A       100%        3
 Lesser Beckoning         Tloc           0%         N/A       100%        3
 Teleport Other           Tloc           0%         N/A       100%        3


Dungeon Overview and Level Annotations

Branches:
Dungeon (6/15)             Temple (1/1) D:6

Altars:
Cheibriados
Elyvilon
Makhleb
Okawaru
Yredelemnul
Zin
The Shining One

Annotations:
D:2 Terence
D:3 1 runed translucent door, Ragnag's ghost, amateur DgCj
D:4 Pikel


Message History

You hit the hound.
The hound is almost dead.
The hound bites you but does no damage. The hound barely misses you.
You hit the hound.
You kill the hound!
The steam dragon breathes steam at you.
The ball of steam hits the adder!!
The adder dies!
The ball of steam hits you!
You hear an angry hiss. x2
You hit the steam dragon.
The steam dragon is lightly wounded.
You hear a shout! x2; You hear a bark!
The steam dragon bites you.
* * * LOW HITPOINT WARNING * * *
The steam dragon claws you but does no damage.
You hear a shout!
You feel very mighty all of a sudden.
You hear a bark!
The steam dragon breathes steam at you. The ball of steam misses you.
The steam dragon attacks as you move away!
The steam dragon closely misses you.
The steam dragon claws you but does no damage.
There is an open door here.
You see here a necrophage corpse.
You hit the steam dragon.
The steam dragon is moderately wounded.
The steam dragon bites you.
* * * LOW HITPOINT WARNING * * *
The steam dragon claws you but does no damage.
You barely miss the steam dragon.
The steam dragon is moderately wounded.
The steam dragon bites you.
* * * LOW HITPOINT WARNING * * *
The steam dragon claws you but does no damage.
You barely miss the steam dragon.
The steam dragon is moderately wounded.
You are engulfed in a cloud of scalding steam.
You die...

#...# ###########.
####...#######...........
#........................
...##.[.#######...........
#...# ############ #...###
#... #####...# #.##
##.(.###.# . #..#
#.....##@##.... ##.#
#..#..†D)...§# #.#
#.....#####..... #.#
##...## §..# #.# ##.## .##
#.. #.# # ### #.# # #D#
##### # #.# ###...###


You could see a steam dragon.

Vanquished Creatures
  An ice beast (D:5)
  2 black bears
  2 ogres
  2 phantoms (D:6)
  2 scorpions
  3 necrophages
  5 hounds
  2 iguanas (D:5)
  9 adders
  2 worms
  4 dart slugs
  3 orcs
  9 ball pythons
  4 endoplasms
  8 giant cockroaches
  5 hobgoblins
  6 jackals
  5 quokkas (D:5)
  3 bats
  5 frilled lizards (D:1)
  3 goblins
  16 kobolds
  9 rats
110 creatures vanquished.

Vanquished Creatures (others)
  An adder (D:6)
1 creature vanquished.

Grand Total: 111 creatures vanquished

Notes
Turn   | Place    | Note
-------+----------+-------------------------------------------
     0 | D:1      | EvilAshe the Human Fighter began the quest for the Orb.
     0 | D:1      | Reached XP level 1. HP: 18/18 MP: 1/1
   132 | D:1      | Reached XP level 2. HP: 21/24 MP: 2/2
   445 | D:1      | Reached XP level 3. HP: 14/29 MP: 3/3
   719 | D:1      | Found a faded altar of an unknown god.
   805 | D:1      | Reached skill level 3 in Long Blades
  1160 | D:2      | Reached XP level 4. HP: 31/35 MP: 4/4
  2023 | D:2      | Noticed Terence
  2232 | D:3      | Noticed a necrophage
  2237 | D:4      | Noticed Pikel
  2237 | D:4      | Noticed a lemure
  2237 | D:4      | Noticed a lemure
  2237 | D:4      | Noticed a lemure
  2237 | D:4      | Noticed a lemure
  2605 | D:3      | Reached XP level 5. HP: 41/41 MP: 5/5
  3025 | D:3      | Found a runed translucent door.
  3029 | D:3      | Noticed Ragnag's ghost (amateur DgCj)
  3266 | D:4      | Noticed an ogre
  3829 | D:3      | Reached skill level 4 in Long Blades
  3915 | D:4      | Killed an ogre
  3916 | D:4      | Reached XP level 6. HP: 48/48 MP: 6/6
  3967 | D:5      | Entered Level 5 of the Dungeon
  4286 | D:4      | Reached skill level 5 in Long Blades
  4503 | D:4      | Reached XP level 7. HP: 55/55 MP: 7/7
  5099 | D:5      | Reached skill level 6 in Long Blades
  5099 | D:5      | Reached skill level 5 in Armour
  5282 | D:5      | Reached skill level 5 in Fighting
  5348 | D:5      | Reached XP level 8. HP: 54/62 MP: 8/8
  5890 | D:6      | Found a staircase to the Ecumenical Temple.
  5914 | Temple   | Entered the Ecumenical Temple
  5926 | Temple   | Became a worshipper of the Shining One
  6081 | D:6      | Reached skill level 7 in Long Blades
  6137 | D:6      | Engulfed by a steam dragon's steam

Illustrated notes

Levels and vault maps discovered:
D:1:      lightli_arrival_statue_moat, layout_loops_ring,
          hellmonk_ecumenical_altar_crossroads
D:2:      layout_loops_ring, uniq_terence
D:3:      layout_basic, ebering_ghost_reflecting_pool, minivault_19
D:4:      layout_basic, kennysheep_generic_room_11, uniq_pikel
D:5:      layout_basic, gup_sewer_entry_pipe, minmay_misc_feat_pillars
D:6:      minmay_octagon_keep, layout_basic, lemuel_crystal_altar,
          minmay_temple_entry_tees
Temple:   nicolae_temple_bog_church

Skill      XL: |  1  2  3  4  5  6  7  8 |
---------------+-------------------------+-----
Long Blades    | 3 4 5 6 7 |  7.4
Fighting       | 4 5 |  5.7
Armour         | 4 5 |  5.8
Shields        | |  3.0

Action                   |  1- 3 |  4- 6 |  7- 9 || total
-------------------------+-------+-------+-------++-------
Melee: Long sword        |    95 |   178 |   212 ||   485
Throw: Stone             |       |     5 |     2 ||     7
       Dart              |       |     1 |     3 ||     4
  Use: Scroll            |       |     2 |       ||     2
       Potion            |       |     1 |     1 ||     2
Armor: Scale mail        |    42 |    38 |       ||    80
       Chain mail        |       |    39 |   158 ||   197
Dodge: Dodged            |    42 |    72 |    68 ||   182
Block: Buckler           |    20 |    31 |    53 ||   104
